 Dungeon Crawl Stone Soup version 0.27-a0-679-g77a6b55cf3 (webtiles) character file.

Game seed: 1578225500054801372

87 kae the Ruffian (level 4, -4/38 HPs)
             Began as a Naga Transmuter on Mar 18, 2021.
             Slain by Grinder (5 damage)
             ... on level 3 of the Dungeon.
             The game lasted 00:01:57 (2882 turns).

kae the Ruffian (Naga Transmuter)                   Turns: 2882, Time: 00:01:57

Health: -4/38      AC:  3    Str: 11 (13) XL:     4   Next: 51%
Magic:  0/7        EV: 10    Int: 10 (13) God:
Gold:   119        SH:  0    Dex: 11 (12) Spells: 3/7 levels left

rFire    . . .     SeeInvis +     - Unarmed
rCold    . . .     Faith    .   (no shield)
rNeg     . . .     Spirit   +   a - +1 robe
rPois    +         Reflect  .   (no helmet)
rElec    .         Harm     .   (no cloak)
rCorr    .         Rampage  .   (no gloves)
Will     .....                  (no barding)
Stlth    +.........             i - amulet of guardian spirit
HPRegen  0.12/turn              (no ring)
MPRegen  0.10/turn              (no ring)

@: brilliant, about to teleport, very slow
A: AC +1, large, see invisible, deformed body, poison resistance, slowness 2,
spit poison 1, naga tail 1
a: Spit Poison


You were on level 3 of the Dungeon.
You visited 1 branch of the dungeon, and saw 3 of its levels.

You collected 119 gold pieces.

Inventory:

Armour
 a - a +1 robe (worn)
Jewellery
 i - an amulet of guardian spirit (around neck)
Scrolls
 c - a scroll of teleportation


   Skills:
 + Level 1.5 Fighting
 + Level 2.0 Dodging
 * Level 3.6 Unarmed Combat
 + Level 2.3 Spellcasting
 * Level 3.0 Transmutations
 * Level 1.0 Poison Magic


You had 3 spell levels left.
You knew the following spells:

 Your Spells              Type           Power      Damage    Failure   Level
a - Beastly Appendage     Tmut           20%        N/A       9%          1
b - Spider Form           Tmut/Pois      3%         N/A       36%         3

Your spell library contained the following spells:

 Spells                   Type           Power      Damage    Failure   Level
 Wereblood                Tmut           10%        N/A       13%         2
 Ice Form                 Ice/Tmut       6%         N/A       85%         4
 Blade Hands              Tmut           5%         N/A       94%         5


Dungeon Overview and Level Annotations

Branches:
Dungeon (3/15)

Altars:
Xom

Shops:
D:1 =

Annotations:
D:3 Grinder


Innate Abilities, Weirdness & Mutations

Your serpentine skin is tough. (AC +1)
You have supernaturally acute eyesight. (SInv)
Armour fits poorly on your strangely shaped body.
Your system is resistant to poisons. (rPois)
You cover ground very slowly.
You can spit poison.
You have a snake-like lower body.


Message History

Unknown command.
Your transformation has ended.
Your +1 robe unmelds from your body.
You completely miss Grinder.
Grinder is heavily wounded.
Grinder hits you.
You writhe in agony.
Abil: Spit Poison
Press: ? - help, Q - select action, (/) - cycle Shift-Dir - straight line, f/p - Grinder
Aim: Grinder (heavily wounded)
The splash of poison hits Grinder.
Grinder completely resists.
Grinder is heavily wounded.
Grinder hits you!
* * * LOW HITPOINT WARNING * * *
You writhe in agony.
* * * LOW HITPOINT WARNING * * *
There are monsters nearby!
It was a potion of curing.
You feel better. Grinder hits you.
* * * LOW HITPOINT WARNING * * *
You writhe in agony.
* * * LOW HITPOINT WARNING * * *
It was a potion of degeneration.
There was something very wrong with that liquid.
You feel weakened.
You feel dopey.
You feel clumsy.
You have got your breath back.
Grinder hits you.
* * * LOW HITPOINT WARNING * * *
You writhe in agony.
* * * LOW HITPOINT WARNING * * *
You feel better. Grinder completely misses you.
It was a potion of brilliance.
You feel clever all of a sudden. Grinder hits you.
* * * LOW HITPOINT WARNING * * *
You writhe in agony.
* * * LOW HITPOINT WARNING * * *
As you read the scroll of teleportation, it crumbles to dust.
You feel strangely unstable. Grinder hits you.
* * * LOW HITPOINT WARNING * * *
You writhe in agony.
You die...

### #.. #.# #.#
#.# #.# #.# #.#
#@# #5### #K).#
KZ............#
...5#####.###.#
## .# .# #


You could see Grinder and a kobold.

Vanquished Creatures
  4 adders (D:2)
  2 worms (D:2)
  A dart slug (D:1)
  3 bats
  3 giant cockroaches
  5 goblins
  4 hobgoblins
  4 jackals (D:1)
  A quokka (D:2)
  2 ball pythons
  5 frilled lizards
  5 kobolds
  5 rats
44 creatures vanquished.

Notes
Turn   | Place    | Note
-------+----------+-------------------------------------------
     0 | D:1      | kae the Naga Transmuter began the quest for the Orb.
     0 | D:1      | Reached XP level 1. HP: 18/18 MP: 3/3
   117 | D:1      | Reached XP level 2. HP: 18/25 MP: 3/5
   585 | D:1      | Found Imyz's Jewellery Boutique.
  1300 | D:1      | Reached XP level 3. HP: 31/31 MP: 6/6
  1662 | D:2      | Found a shimmering altar of Xom.
  1663 | D:2      | Found a shimmering altar of Xom.
  1663 | D:2      | Found a shimmering altar of Xom.
  1663 | D:2      | Found a shimmering altar of Xom.
  2068 | D:2      | Reached XP level 4. HP: 16/38 MP: 7/7
  2271 | D:2      | Learned a level 3 spell: Spider Form
  2858 | D:3      | Noticed Grinder
  2870 | D:3      | Reached skill level 1 in Poison Magic
  2873 | D:3      | Paralysed by Grinder for 2 turns
  2882 | D:3      | HP: 1/38 [Grinder (5)]
  2882 | D:3      | Slain by Grinder

Illustrated notes

Levels and vault maps discovered:
D:1:      dpeg_arrival_brainrot, layout_basic, serial_shops, shop,
          roderic_lattice_a
D:2:      layout_rooms, xom_redecorated
D:3:      layout_loops_ring, nicolae_ru_the_path_less_chosen, serial_undead,
          serial_undead_e, serial_undead_f, serial_undead_b, serial_undead_c,
          serial_undead_f, serial_undead_e, serial_undead_e, uniq_grinder

Skill      XL: |  1  2  3  4 |
---------------+-------------+-----
Transmutations | 3 |  3.0
Dodging        | 2 |  2.0
Poison Magic   | 1 |  1.0
Fighting       | |  1.5
Unarmed Combat | |  3.6
Spellcasting   | |  2.3

Action                   |  1- 3 |  4- 6 || total
-------------------------+-------+-------++-------
Melee: Unarmed           |    74 |    27 ||   101
       Headbutt          |     9 |     3 ||    12
       Punch             |     1 |     1 ||     2
 Cast: Beastly Appendage |    15 |     5 ||    20
       Spider Form       |       |     2 ||     2
 Abil: Spit Poison       |    24 |     9 ||    33
  Use: Scroll            |       |     7 ||     7
       Potion            |       |     4 ||     4
 Stab: Distracted        |     1 |       ||     1
Armor: Robe              |    16 |     1 ||    17
       Skin              |       |     1 ||     1
Dodge: Dodged            |    44 |    20 ||    64

Table legend: (Time is in decaauts)
 A = Elapsed time spent in this place.
 B = Non-inter-level travel time spent in this place.
 C = Inter-level travel time spent in this place.
 D = Time resting spent in this place.
 E = Time spent auto-exploring this place.
 F = Levels seen in this place.
 G = Mean time per level.
                   A        B        C        D        E       F      G
               +--------+--------+--------+--------+--------+-----+--------+
         Total |   3329 |   3272 |     57 |     56 |   2886 |   3 | 1109.7 |
       Dungeon |   3329 |   3272 |     57 |     56 |   2886 |   3 | 1109.7 |
               +--------+--------+--------+--------+--------+-----+--------+

Top non-repeatable levels by time:
     D:1: 1926 daAuts
     D:2: 1360 daAuts
     D:3: 42 daAuts
